 Dungeon Crawl Stone Soup version 0.29.0-4-gdea44cf6ec (webtiles) character file.

Game seed: 2014441608473026409

15024 qw the Severer (level 11, -4/104 HPs)
             Began as a Minotaur Berserker on Sept 10, 2022.
             Was a Priest of Trog.
             Slain by a blink frog (13 damage)
             ... on level 2 of the Lair of Beasts.
             The game lasted 00:03:29 (9885 turns).

qw the Severer (Minotaur Berserker)                 Turns: 9885, Time: 00:03:30

Health: -4/104     AC: 23    Str: 26    XL:     11   Next: 96%
Magic:  10/10      EV: 13    Int:  4    God:    Trog [***...]
Gold:   680        SH:  0    Dex: 10    Spells: 10/10 levels left

rFire   . . .      SeeInvis +   i - +0 morningstar
rCold   . . .      Faith    .   (no shield)
rNeg    . . .      Spirit   .   n - +0 plate armour
rPois   .          Reflect  .   l - +1 hat
rElec   .          Harm     .   (no cloak)
rCorr   .          Rampage  .   t - +1 pair of gloves
Will    .....                   (no boots)
Stlth   ..........              j - amulet of regeneration
HPRegen 1.07/turn               f - +4 ring of protection
MPRegen 0.12/turn               g - +4 ring of evasion

@: about to teleport, on berserk cooldown, slowed, very slow
A: horns 2, retaliatory headbutt, iridescent scales 1, see invisible
a: Renounce Religion, Berserk, Trog's Hand


You were on level 2 of the Lair of Beasts.
You worshipped Trog.
Trog was most pleased with you.
You visited 2 branches of the dungeon, and saw 10 of its levels.

You collected 680 gold pieces.


Innate Abilities, Weirdness & Mutations

You have a pair of horns on your head.
You reflexively headbutt those who attack you in melee.
You are partially covered in iridescent scales. (AC +2)
You have supernaturally acute eyesight. (SInv)


   Skills:
 + Level 12.1 Fighting
 - Level 16.1 Axes
 - Level 5.1 Throwing
 - Level 10.0 Armour
 - Level 4.8 Dodging


You had 10 spell levels left.
You didn't know any spells.
Your spell library was empty.

Inventory:

Hand Weapons
 i - a +0 morningstar (weapon)
 m - a +1 vampiric war axe
Missiles
 o - 5 javelins (quivered)
 s - 5 boomerangs
Armour
 h - the +0 pair of gloves of Imuin {Harm Rampage rPois}
   (You found it on level 3 of the Dungeon)

   rPois:     It protects you from poison.
   Harm:      It increases damage dealt and taken.
   Rampage:   It bestows one free step when moving towards enemies.
 l - a +1 hat (worn)
 n - a +0 plate armour (worn)
 t - a +1 pair of gloves (worn)
Jewellery
 f - a +4 ring of protection (left hand)
 g - a +4 ring of evasion (right hand)
 j - an amulet of regeneration (around neck)
Scrolls
 b - 3 scrolls of teleportation
 e - a scroll of blinking {unknown}
 p - a scroll of identify
 q - 2 scrolls of brand weapon
Potions
 a - 4 potions of mutation
 c - a potion of heal wounds
 d - a potion of might
 k - 7 potions of curing
 r - 2 potions of attraction {unknown}
 u - a potion of brilliance {unknown}
 v - a potion of flight {unknown}

Dungeon Overview and Level Annotations

Branches:
Dungeon (8/15)             Temple (0/1) D:6            Lair (2/5) D:8
  Swamp: Lair:2-3    Shoals: Lair:2-3     Snake: Lair:2-3    Spider: Lair:2-3

Altars:
Dithmenos
Hepliaklqana
Kikubaaqudgha
Okawaru
Qazlal
Trog
Wu Jian

Annotations:
D:6 1 runed translucent door, Crazy Yiuf


Message History

Trog accepts your kill.
The blink frog hits you but does no damage.
The six-headed hydra barely misses you. You furiously retaliate!
You headbutt the six-headed hydra!
The six-headed hydra bites you but does no damage. x2
The six-headed hydra bites you!
The six-headed hydra bites you but does no damage.
The six-headed hydra barely misses you.
You hit the six-headed hydra.
You headbutt the six-headed hydra, but do no damage.
The six-headed hydra is severely wounded.
The blink frog misses you. The six-headed hydra bites you.
The six-headed hydra closely misses you.
The six-headed hydra bites you but does no damage.
The six-headed hydra bites you.
The six-headed hydra bites you but does no damage. x2
The blink frog hits you!
9884 ||| READING 4 scrolls of teleportation.
As you read the scroll of teleportation, it crumbles to dust.
You feel strangely unstable. The blink frog closely misses you.
You furiously retaliate!
You headbutt the blink frog!
The six-headed hydra bites you but does no damage. x4
The six-headed hydra bites you. The six-headed hydra bites you!
The blink frog misses you. The polar bear barely misses you.
The polar bear claws you but does no damage. x2
The six-headed hydra bites you.
The six-headed hydra completely misses you.
The six-headed hydra bites you but does no damage.
The six-headed hydra bites you. The six-headed hydra misses you. x2
9885 ||| DRINKING 2 potions of heal wounds.
You feel much better. The blink frog closely misses you.
The polar bear bites you but does no damage.
The polar bear claws you but does no damage.
The polar bear closely misses you. The six-headed hydra bites you.
The six-headed hydra misses you. The six-headed hydra bites you!
The six-headed hydra bites you. x2; The six-headed hydra bites you!
The blink frog hits you!
You die...

..#. ...... ... .....#
#.. ##.....# #..
#......# #.. #......#
#..##### #......#
##(FD.#.###P.[...##
#(Fh@.%...........#
#(.F####...........#.#
..... #####P.........
.... ##........ ...
##......... ..
#.......#P. .
###.....# . ###.....#
###.....[.##


You could see a six-headed hydra, a polar bear, 2 blink frogs and a bullfrog.

Vanquished Creatures
  A hydra (Lair:1)
  A boulder beetle (D:8)
  A centaur warrior (D:8)
  3 death yaks
  A tengu warrior (D:8)
  A fire crab (shapeshifter) (D:8)
  A lindwurm (Lair:1)
  A deep elf pyromancer (D:8)
  A black mamba (Lair:2)
  Maggie (D:6)
  2 komodo dragons (Lair:1)
  7 blink frogs (Lair:2)
  Sigmund (D:6)
  2 wyverns
  A basilisk (Lair:2)
  Grum (Lair:1)
  Eustachio (D:6)
  13 yaks
  4 water moccasins
  Pargi (D:3)
  An ice beast (D:7)
  2 sky beasts
  2 black bears
  3 orc warriors
  A centaur (D:8)
  3 wolves (Lair:1)
  A kobold brigand (D:8)
  12 bullfrogs
  A necrophage (D:4)
  A gnoll sergeant (D:8)
  4 scorpions
  A wight (D:8)
  A killer bee (D:8)
  3 hounds
  2 jellies (D:7)
  4 orc priests
  An iguana (D:6)
  4 orc wizards
  7 hell rats
  6 gnolls
  10 adders
  2 river rats
  A shadow imp (D:8)
  A white imp (D:8)
  2 worms
  3 dart slugs
  30 orcs
  7 ball pythons
  5 bats
  10 endoplasms
  4 giant cockroaches
  4 goblins
  7 hobgoblins
  11 jackals
  7 kobolds
  8 quokkas
  5 frilled lizards
  2 goblin zombies (D:5)
  10 rats
  A spectral goblin (D:6)
235 creatures vanquished.

Vanquished Creatures (collateral kills)
  A hydra (Lair:1)
  A black bear (Lair:1)
  A bullfrog (Lair:1)
3 creatures vanquished.

Vanquished Creatures (others)
  15 fungi
  18 plants
33 creatures vanquished.

Grand Total: 271 creatures vanquished

Notes
Turn   | Place    | Note
-------+----------+-------------------------------------------
     0 | D:1      | qw the Minotaur Berserker began the quest for the Orb.
     0 | D:1      | Reached XP level 1. HP: 19/19 MP: 0/0
     0 | D:1      | 0 ||| qw: Version: 0.1-a-116-g5d60599
     0 | D:1      | 0 ||| qw: Game counter: 7509
     0 | D:1      | 0 ||| qw: Always use a shield: true
     0 | D:1      | 0 ||| qw: Do Orc after D:15 true
     0 | D:1      | 0 ||| qw: Do second Lair branch before Depths: true
     0 | D:1      | 0 ||| qw: Lair rune preference: random
     0 | D:1      | 0 ||| qw: Plans: Normal
     0 | D:1      | 0 ||| PLANNING D:1-11
    96 | D:1      | Reached skill level 4 in Axes
   144 | D:1      | 144 ||| INVOKING Berserk.
   145 | D:1      | Reached XP level 2. HP: 18/26 MP: 1/1
   335 | D:1      | 335 ||| Stepping ~*~*~tactically~*~*~ (stealth).
   336 | D:1      | 336 ||| Stepping ~*~*~tactically~*~*~ (stealth).
   671 | D:1      | Reached skill level 5 in Axes
   834 | D:1      | Found a faded altar of an unknown god.
   918 | D:1      | 918 ||| UPGRADING to amulet of regeneration.
   923 | D:1      | 923 ||| UPGRADING to +4 ring of protection.
   924 | D:1      | 924 ||| READING scroll labelled WUFOSEGGIS.
   925 | D:1      | 925 ||| READING scroll labelled YTHRIOS FIFOS.
   926 | D:1      | 926 ||| READING scroll labelled VURAYDWA QI FIGAS.
   940 | D:1      | 940 ||| READING scroll labelled GAPLYA INLY.
   941 | D:1      | 941 ||| READING scroll labelled ONOMAN NAASAPS.
   942 | D:1      | 942 ||| DRINKING 2 white potions.
   967 | D:2      | 967 ||| Stepping ~*~*~tactically~*~*~ (stealth).
   974 | D:2      | Reached ** piety under Trog
   976 | D:2      | Reached XP level 3. HP: 31/31 MP: 2/2
   977 | D:2      | 977 ||| INVOKING Berserk.
  1370 | D:2      | Found a bloodstained altar of Trog.
  1387 | D:2      | 1387 ||| SWAPPING to +0 war axe.
  1389 | D:2      | 1389 ||| DROPPING +1 hand axe.
  1392 | D:2      | Reached skill level 6 in Axes
  1392 | D:2      | Reached XP level 4. HP: 39/39 MP: 3/3
  1406 | D:2      | 1406 ||| Stepping ~*~*~tactically~*~*~ (hiding).
  1508 | D:2      | 1508 ||| Stepping ~*~*~tactically~*~*~ (hiding).
  1610 | D:2      | 1610 ||| Stepping ~*~*~tactically~*~*~ (hiding).
  1799 | D:2      | 1799 ||| UPGRADING to +0 ring mail.
  1809 | D:2      | 1809 ||| DROPPING +0 animal skin.
  1810 | D:2      | 1810 ||| UPGRADING to +4 ring of evasion.
  1811 | D:2      | 1811 ||| READING scroll labelled PAKKAS ECSUINE.
  1812 | D:2      | 1812 ||| READING scroll labelled PANESTR ICLAIRCH.
  1848 | D:3      | 1848 ||| Stepping ~*~*~tactically~*~*~ (stealth).
  1910 | D:3      | 1910 ||| Stepping ~*~*~tactically~*~*~ (stealth).
  2066 | D:3      | 2066 ||| Stepping ~*~*~tactically~*~*~ (stealth).
  2110 | D:3      | Noticed Pargi
  2118 | D:3      | Killed Pargi
  2119 | D:3      | Reached skill level 7 in Axes
  2119 | D:3      | Reached XP level 5. HP: 41/45 MP: 4/4
  2126 | D:3      | Found a stormy altar of Qazlal.
  2272 | D:3      | Identified the +0 pair of gloves of Imuin {Harm Rampage
                  | rPois}
  2318 | D:3      | 2318 ||| READING scroll of enchant weapon.
  2318 | D:3      | 2318 ||| ENCHANTING +0 war axe.
  2436 | D:3      | 2436 ||| FLEEEEING.
  2439 | D:3      | 2439 ||| FLEEEEING.
  2440 | D:3      | 2440 ||| FLEEEEING.
  2441 | D:3      | 2441 ||| FLEEEEING.
  2442 | D:3      | 2442 ||| FLEEEEING.
  2443 | D:3      | 2443 ||| FLEEEEING.
  2444 | D:3      | 2444 ||| FLEEEEING.
  2445 | D:3      | 2445 ||| FLEEEEING.
  2446 | D:3      | 2446 ||| FLEEEEING.
  2447 | D:3      | 2447 ||| FLEEEEING.
  2557 | D:3      | 2557 ||| Stepping ~*~*~tactically~*~*~ (stealth).
  2685 | D:3      | 2685 ||| UPGRADING to +1 hat.
  2690 | D:3      | 2690 ||| READING 2 scrolls labelled JIXOCZ PARAED.
  2693 | D:3      | 2693 ||| READING scroll labelled CIRIKL BIJAE.
  2694 | D:3      | 2694 ||| DRINKING 2 viscous orange potions.
  2695 | D:3      | 2695 ||| DROPPING potion of degeneration.
  2749 | D:4      | 2749 ||| Stepping ~*~*~tactically~*~*~ (stealth).
  2761 | D:4      | 2761 ||| Stepping ~*~*~tactically~*~*~ (stealth).
  2762 | D:4      | 2762 ||| Stepping ~*~*~tactically~*~*~ (stealth).
  2763 | D:4      | 2763 ||| Stepping ~*~*~tactically~*~*~ (stealth).
  2764 | D:4      | 2764 ||| Stepping ~*~*~tactically~*~*~ (stealth).
  2765 | D:4      | 2765 ||| Stepping ~*~*~tactically~*~*~ (stealth).
  2772 | D:4      | Noticed a black bear
  2778 | D:4      | 2778 ||| INVOKING Berserk.
  2779 | D:4      | Killed a black bear
  2780 | D:4      | Reached skill level 8 in Axes
  2780 | D:4      | Reached XP level 6. HP: 52/52 MP: 5/5
  2785 | D:4      | Reached *** piety under Trog
  2928 | D:4      | 2928 ||| Stepping ~*~*~tactically~*~*~ (stealth).
  3045 | D:4      | Reached skill level 9 in Axes
  3133 | D:4      | 3133 ||| Stepping ~*~*~tactically~*~*~ (hiding).
  3136 | D:4      | 3136 ||| Stepping ~*~*~tactically~*~*~ (hiding).
  3161 | D:4      | Found an ancient bone altar of Kikubaaqudgha.
  3359 | D:4      | 3359 ||| READING scroll labelled UMO TODGHAELA.
  3360 | D:4      | 3360 ||| DRINKING 3 fizzy red potions.
  3360 | D:4      | Gained mutation: You are partially covered in iridescent
                  | scales. (AC +2) [potion of mutation]
  3360 | D:4      | Gained mutation: You have supernaturally acute eyesight.
                  | (SInv) [potion of mutation]
  3361 | D:4      | 3361 ||| DRINKING 4 pink potions.
  3379 | D:5      | Entered Level 5 of the Dungeon
  3380 | D:5      | 3380 ||| PLANNING OSSUARY
  3393 | D:5      | Reached XP level 7. HP: 53/61 MP: 6/6
  3393 | D:5      | 3393 ||| STAIRDANCE
  3462 | D:5      | Found an iron altar of Okawaru.
  3543 | D:5      | 3543 ||| DROPPING +0 whip.
  3577 | D:5      | 3577 ||| INVOKING Berserk.
  3735 | D:5      | Reached skill level 10 in Axes
  3757 | D:5      | Reached skill level 1 in Throwing
  3762 | D:5      | Identified the +6 arbalest of Radicalism {venom, Fragile
                  | rPois rF+}
  3907 | D:5      | Found an ornate altar of the Wu Jian Council.
  4065 | D:5      | Found a sand-covered staircase.
  4066 | D:5      | 4066 ||| UPGRADING to +0 chain mail.
  4076 | D:5      | 4076 ||| DROPPING +0 ring mail.
  4077 | D:5      | 4077 ||| DROPPING ring of willpower.
  4078 | D:5      | 4078 ||| DRINKING 3 viscous inky potions.
  4179 | D:5      | 4179 ||| DROPPING 2 potions of ambrosia.
  4362 | D:5      | 4362 ||| DROPPING +0 flail.
  4384 | D:5      | 4384 ||| RIP OSSUARY
  4384 | D:5      | 4384 ||| PLANNING D:1-11
  4385 | D:5      | 4385 ||| INVOKING Berserk.
  4390 | D:5      | Reached skill level 3 in Armour
  4390 | D:5      | Reached XP level 8. HP: 70/70 MP: 7/7
  4396 | D:5      | Reached skill level 6 in Fighting
  4622 | D:5      | 4622 ||| UPGRADING to +0 plate armour.
  4632 | D:5      | 4632 ||| DROPPING +0 chain mail.
  4644 | D:6      | Noticed Sigmund
  4644 | D:6      | Found a staircase to the Ecumenical Temple.
  4646 | D:6      | 4646 ||| INVOKING Berserk.
  4648 | D:6      | Killed Sigmund
  4718 | D:6      | 4718 ||| Stepping ~*~*~tactically~*~*~ (stealth).
  4719 | D:6      | 4719 ||| Stepping ~*~*~tactically~*~*~ (stealth).
  4720 | D:6      | 4720 ||| Stepping ~*~*~tactically~*~*~ (stealth).
  4721 | D:6      | 4721 ||| Stepping ~*~*~tactically~*~*~ (stealth).
  4729 | D:6      | 4729 ||| Stepping ~*~*~tactically~*~*~ (stealth).
  4730 | D:6      | 4730 ||| Stepping ~*~*~tactically~*~*~ (stealth).
  4731 | D:6      | 4731 ||| Stepping ~*~*~tactically~*~*~ (stealth).
  4732 | D:6      | 4732 ||| Stepping ~*~*~tactically~*~*~ (stealth).
  4739 | D:6      | 4739 ||| Stepping ~*~*~tactically~*~*~ (stealth).
  4753 | D:6      | Found a shadowy altar of Dithmenos.
  4811 | D:6      | Found a runed translucent door.
  4812 | D:6      | Noticed Crazy Yiuf
  4880 | D:6      | 4880 ||| Stepping ~*~*~tactically~*~*~ (stealth).
  4886 | D:6      | 4886 ||| Stepping ~*~*~tactically~*~*~ (hiding).
  4889 | D:6      | 4889 ||| INVOKING Berserk.
  4889 | D:6      | Noticed Eustachio
  4901 | D:6      | Killed Eustachio
  4902 | D:6      | Reached skill level 11 in Axes
  5159 | D:6      | Noticed Maggie
  5160 | D:6      | 5160 ||| Stepping ~*~*~tactically~*~*~ (stealth).
  5179 | D:6      | Killed Maggie
  5180 | D:6      | Reached skill level 6 in Armour
  5376 | D:6      | Found a hazy altar of Hepliaklqana.
  5457 | D:6      | 5457 ||| DRINKING 2 bubbling blue potions.
  5503 | D:6      | 5503 ||| READING 2 scrolls of identify.
  5503 | D:6      | 5503 ||| IDENTIFYING grey potion
  5504 | D:6      | 5504 ||| DROPPING potion of lignification.
  5667 | D:7      | 5667 ||| Stepping ~*~*~tactically~*~*~ (hiding).
  5668 | D:7      | 5668 ||| Stepping ~*~*~tactically~*~*~ (hiding).
  5669 | D:7      | 5669 ||| INVOKING Berserk.
  5674 | D:7      | Reached XP level 9. HP: 78/78 MP: 8/8
  5675 | D:7      | Reached **** piety under Trog
  5837 | D:7      | 5837 ||| Stepping ~*~*~tactically~*~*~ (stealth).
  5838 | D:7      | 5838 ||| Stepping ~*~*~tactically~*~*~ (stealth).
  5963 | D:7      | Reached skill level 12 in Axes
  5994 | D:7      | 5994 ||| INVOKING Berserk.
  6110 | D:7      | 6110 ||| INVOKING Berserk.
  6431 | D:7      | 6431 ||| UPGRADING to +0 pair of gloves.
  6436 | D:7      | 6436 ||| READING 2 scrolls labelled ORIM ADWOSHA.
  6437 | D:7      | 6437 ||| READING scroll of enchant armour.
  6437 | D:7      | 6437 ||| ENCHANTING +0 pair of gloves.
  6438 | D:7      | 6438 ||| READING scroll labelled KIFARUO SOZIL.
  6439 | D:7      | 6439 ||| READING 3 scrolls of identify.
  6439 | D:7      | 6439 ||| IDENTIFYING golden potion
  6440 | D:7      | 6440 ||| READING 2 scrolls of identify.
  6440 | D:7      | 6440 ||| IDENTIFYING sapphire potion
  6441 | D:7      | 6441 ||| DROPPING potion of magic.
  6552 | D:8      | Noticed a death yak
  6554 | D:8      | 6554 ||| Stepping ~*~*~tactically~*~*~ (stealth).
  6555 | D:8      | 6555 ||| Stepping ~*~*~tactically~*~*~ (stealth).
  6557 | D:8      | 6557 ||| INVOKING Berserk.
  6563 | D:8      | Killed a death yak
  6564 | D:8      | Reached skill level 13 in Axes
  6614 | D:8      | Found a staircase to the Lair.
  6614 | D:8      | Noticed a death yak
  6618 | D:8      | 6618 ||| INVOKING Berserk.
  6625 | D:8      | Killed a death yak
  6626 | D:8      | Reached skill level 9 in Fighting
  6785 | D:8      | Noticed a death yak
  6787 | D:8      | 6787 ||| FLEEEEING.
  6788 | D:8      | 6788 ||| FLEEEEING.
  6789 | D:8      | 6789 ||| FLEEEEING.
  6790 | D:8      | 6790 ||| FLEEEEING.
  6791 | D:8      | 6791 ||| FLEEEEING.
  6792 | D:8      | 6792 ||| FLEEEEING.
  6793 | D:8      | 6793 ||| FLEEEEING.
  6794 | D:8      | 6794 ||| FLEEEEING.
  6795 | D:8      | 6795 ||| FLEEEEING.
  6796 | D:8      | 6796 ||| FLEEEEING.
  6797 | D:8      | 6797 ||| FLEEEEING.
  6798 | D:8      | 6798 ||| FLEEEEING.
  6799 | D:8      | 6799 ||| STAIRDANCE
  6901 | D:7      | 6901 ||| READING scroll labelled CUN TOIRHEURIREQI.
  6904 | D:8      | 6904 ||| STAIRDANCE
  6906 | D:7      | 6906 ||| INVOKING Berserk.
  6916 | D:7      | Killed a death yak
  6917 | D:7      | Reached XP level 10. HP: 91/91 MP: 9/9
  7024 | D:8      | 7024 ||| STAIRDANCE
  7032 | D:8      | 7032 ||| STAIRDANCE
  7053 | D:8      | 7053 ||| STAIRDANCE
  7065 | D:8      | Reached skill level 14 in Axes
  7076 | D:8      | 7076 ||| Stepping ~*~*~tactically~*~*~ (hiding).
  7137 | D:8      | 7137 ||| Stepping ~*~*~tactically~*~*~ (stealth).
  7151 | D:8      | 7151 ||| Stepping ~*~*~tactically~*~*~ (stealth).
  7160 | D:8      | 7160 ||| Stepping ~*~*~tactically~*~*~ (hiding).
  7214 | D:8      | 7214 ||| Stepping ~*~*~tactically~*~*~ (hiding).
  7235 | D:8      | 7235 ||| Stepping ~*~*~tactically~*~*~ (stealth).
  7243 | D:8      | 7243 ||| Stepping ~*~*~tactically~*~*~ (stealth).
  7249 | D:8      | Noticed a centaur warrior
  7250 | D:8      | 7250 ||| Stepping ~*~*~tactically~*~*~ (stealth).
  7251 | D:8      | 7251 ||| Stepping ~*~*~tactically~*~*~ (stealth).
  7259 | D:8      | Killed a centaur warrior
  7260 | D:8      | Reached skill level 15 in Axes
  7269 | D:8      | 7269 ||| Stepping ~*~*~tactically~*~*~ (hiding).
  7347 | D:8      | Noticed a boulder beetle
  7349 | D:8      | 7349 ||| INVOKING Berserk.
  7359 | D:8      | Killed a boulder beetle
  7780 | D:8      | Noticed a fire crab
  7788 | D:8      | Killed a fire crab
  7818 | D:8      | Noticed a deep elf pyromancer
  7818 | D:8      | Identified the ring "Korek" {rC+ rN+ Will- SInv}
  7818 | D:8      | Noticed a tengu warrior
  7819 | D:8      | 7819 ||| Stepping ~*~*~tactically~*~*~ (hiding).
  7825 | D:8      | Killed a deep elf pyromancer
  7826 | D:8      | Reached XP level 11. HP: 82/97 MP: 10/10
  7826 | D:8      | 7826 ||| FLEEEEING.
  7836 | D:8      | Killed a tengu warrior
  7837 | D:8      | Reached skill level 16 in Axes
  7982 | D:8      | 7982 ||| PLANNING LAIR
  8017 | Lair:1   | Entered Level 1 of the Lair of Beasts
  8145 | Lair:1   | 8145 ||| INVOKING Berserk.
  8281 | Lair:1   | 8281 ||| Stepping ~*~*~tactically~*~*~ (stealth).
  8324 | Lair:1   | Noticed a five-headed hydra
  8325 | Lair:1   | 8325 ||| INVOKING Brothers in Arms.
  8331 | Lair:1   | 8331 ||| SWAPPING to +0 morningstar.
  8332 | Lair:1   | 8332 ||| INVOKING Berserk.
  8336 | Lair:1   | Killed a five-headed hydra
  8346 | Lair:1   | 8346 ||| SWAPPING to +1 vampiric war axe.
  8508 | Lair:1   | Noticed an eight-headed hydra
  8510 | Lair:1   | 8510 ||| INVOKING Brothers in Arms.
  8511 | Lair:1   | 8511 ||| INVOKING Brothers in Arms.
  8513 | Lair:1   | 8513 ||| SWAPPING to +0 morningstar.
  8514 | Lair:1   | 8514 ||| INVOKING Berserk.
  8515 | Lair:1   | Killed an eight-headed hydra
  8519 | Lair:1   | 8519 ||| SWAPPING to +1 vampiric war axe.
  8643 | Lair:1   | 8643 ||| INVOKING Berserk.
  8650 | Lair:1   | Reached skill level 9 in Armour
  8831 | Lair:1   | Noticed Grum
  8833 | Lair:1   | 8833 ||| Stepping ~*~*~tactically~*~*~ (stealth).
  8836 | Lair:1   | 8836 ||| Stepping ~*~*~tactically~*~*~ (hiding).
  8837 | Lair:1   | 8837 ||| Stepping ~*~*~tactically~*~*~ (hiding).
  8839 | Lair:1   | 8839 ||| Stepping ~*~*~tactically~*~*~ (hiding).
  8841 | Lair:1   | Noticed a lindwurm
  8842 | Lair:1   | 8842 ||| INVOKING Berserk.
  8845 | Lair:1   | Killed Grum
  8849 | Lair:1   | Killed a lindwurm
  9039 | Lair:1   | 9039 ||| Stepping ~*~*~tactically~*~*~ (stealth).
  9042 | Lair:1   | 9042 ||| Stepping ~*~*~tactically~*~*~ (stealth).
  9044 | Lair:1   | 9044 ||| Stepping ~*~*~tactically~*~*~ (stealth).
  9045 | Lair:1   | 9045 ||| Stepping ~*~*~tactically~*~*~ (stealth).
  9371 | Lair:1   | 9371 ||| READING scroll labelled OMUIF OFALONLUUSO.
  9472 | Lair:1   | 9472 ||| READING 3 scrolls labelled YXAASI RIGHO.
  9473 | Lair:1   | 9473 ||| DROPPING 2 scrolls of amnesia.
  9511 | Lair:2   | 9511 ||| PLANNING GAUNTLET
  9513 | Lair:2   | 9513 ||| DRINKING potion of cancellation.
  9538 | Lair:2   | 9538 ||| INVOKING Berserk.
  9690 | Lair:2   | 9690 ||| Stepping ~*~*~tactically~*~*~ (stealth).
  9781 | Lair:2   | 9781 ||| Stepping ~*~*~tactically~*~*~ (stealth).
  9795 | Lair:2   | 9795 ||| Stepping ~*~*~tactically~*~*~ (stealth).
  9796 | Lair:2   | 9796 ||| Stepping ~*~*~tactically~*~*~ (stealth).
  9797 | Lair:2   | 9797 ||| INVOKING Berserk.
  9863 | Lair:2   | 9863 ||| INVOKING Berserk.
  9865 | Lair:2   | Reached skill level 12 in Fighting
  9868 | Lair:2   | Noticed a six-headed hydra
  9871 | Lair:2   | 9871 ||| INVOKING Brothers in Arms.
  9872 | Lair:2   | 9872 ||| INVOKING Brothers in Arms.
  9873 | Lair:2   | 9873 ||| INVOKING Brothers in Arms.
  9874 | Lair:2   | 9874 ||| INVOKING Brothers in Arms.
  9875 | Lair:2   | 9875 ||| SWAPPING to +0 morningstar.
  9883 | Lair:2   | HP: 23/104 [blink frog (13)]
  9884 | Lair:2   | 9884 ||| READING 4 scrolls of teleportation.
  9884 | Lair:2   | HP: 8/104 [six-headed hydra (4)]
  9885 | Lair:2   | 9885 ||| DRINKING 2 potions of heal wounds.
  9885 | Lair:2   | Slain by a blink frog

Levels and vault maps discovered:
D:1:      psy_arrival_dodecagon, layout_rooms, shapermc_ecumenical_altar_ellora
D:2:      minmay_evil_eye, layout_rooms, basic_altar, minmay_pentomino_p2
D:3:      layout_basic, mainiacjoe_overflow_concentric_impassable, uniq_pargi
D:4:      layout_cave_pools, amcnicky_altar_gilded
D:5:      layout_cave_pods, mainiacjoe_overflow_24_doors,
          mainiacjoe_overflow_cross_hatched, enter_ossuary_4, chequers_jeans
D:6:      layout_loops_ring, grunt_dithmenos_smoke_and_mirrors,
          nicolae_hepliaklqana_monster_ancestors, minmay_temple_entry_arrows,
          nrook_mini_backslash, uniq_crazy_yiuf_cottage, uniq_eustachio,
          uniq_sigmund, uniq_maggie
D:7:      layout_cave_pools, kennysheep_generic_room_6
D:8:      minmay_slanted_spiral_squares, layout_basic, dpeg_lair_monsters,
          minmay_diamond_spiral
Lair:1:   cheibrodos_lair_river_kwai, layout_gridlike, st_stairs_8,
          grunt_megastairs_2, uniq_grum
Lair:2:   layout_chaotic_city, dummy_spider_entry, gauntlet_entry_generic,
          enter_volcano_1, portal_ice_cave_demonic_guard, beast_lair_carwin_11

Skill      XL: |  1  2  3  4  5  6  7  8  9 10 11 |
---------------+----------------------------------+-----
Axes           | 4 5 6 7 8 9 10 11 13 15 16 | 16.1
Fighting       | 4 5 6 9 12 | 12.1
Throwing       | 1 2 4 5 |  5.1
Armour         | 3 6 7 10 | 10.0
Dodging        | 4 |  4.8

Action                   |  1- 3 |  4- 6 |  7- 9 | 10-12 || total
-------------------------+-------+-------+-------+-------++-------
Melee: Hand axe          |    80 |       |       |       ||    80
       Headbutt          |     9 |    16 |    26 |    50 ||   101
       War axe           |     1 |   123 |   176 |   189 ||   489
       Punch             |       |       |       |     3 ||     3
       Morningstar       |       |       |       |    13 ||    13
Throw: Boomerang         |       |       |    17 |     2 ||    19
       Javelin           |       |       |    22 |    43 ||    65
Invok: Berserk           |     2 |     1 |    10 |     9 ||    22
       Brothers in Arms  |       |       |       |     3 ||     3
  Use: Scroll            |     5 |     6 |     7 |     3 ||    21
       Potion            |     1 |     3 |     2 |     2 ||     8
Armor: Animal skin       |    22 |     2 |       |       ||    24
       Ring mail         |       |    28 |    15 |       ||    43
       Chain mail        |       |       |     4 |       ||     4
       Plate armour      |       |       |    34 |   147 ||   181
Dodge: Dodged            |    43 |    85 |    78 |   133 ||   339

Table legend:
 A = Non-vault XP
 B = Vault XP
 C = Vault XP percentage of total XP
 D = Non-vault monster count
 E = Vault monster count
 F = Vault count percentage of total count
                 A         B        C        D         E       F
            +---------+---------+-------+---------+---------+-------
      Total |    9717 |   11746 |  54.7 |     182 |      56 |  23.5
            +---------+---------+-------+---------+---------+-------
        D:1 |      35 |       0 |   0.0 |      19 |       0 |   0.0
        D:2 |      49 |      30 |  38.0 |      20 |       4 |  16.7
        D:3 |      62 |     134 |  68.4 |      23 |       1 |   4.2
        D:4 |     401 |       0 |   0.0 |      25 |       0 |   0.0
        D:5 |     848 |       2 |   0.2 |      21 |       2 |   8.7
        D:6 |     291 |     818 |  73.8 |      13 |       5 |  27.8
        D:7 |    1294 |    1034 |  44.4 |      20 |       5 |  20.0
        D:8 |     627 |    6311 |  91.0 |       9 |      25 |  73.5
     Lair:1 |    3191 |    3417 |  51.7 |      15 |      14 |  48.3
     Lair:2 |    2919 |       0 |   0.0 |      17 |       0 |   0.0
            +---------+---------+-------+---------+---------+-------
